 Dungeon Crawl Stone Soup version 0.24-a0-335-g06ca16a (webtiles) character file.

Game seed: 11197815204772438413

438 Borgoz the Cutter (level 7, -1/46 HPs)
             Began as a Halfling Gladiator on May 18, 2019.
             Was a Follower of Ashenzari.
             Killed by nerve-wracking pain
             ... invoked by an orc priest
              (9 damage)
             ... on level 4 of the Dungeon.
             The game lasted 00:07:30 (5284 turns).

Borgoz the Cutter (Halfling Gladiator)              Turns: 5284, Time: 00:07:31

Health: -1/46      AC:  6    Str: 16    XL:     7   Next: 22%
Magic:  7/7        EV: 23    Int:  6    God:    Ashenzari [*.....]
Gold:   242        SH:  0    Dex: 22    Spells: 6/6 levels left

rFire    . . .     SeeInvis .   a - +0 rapier
rCold    . . .     Gourm    .   (shield restricted)
rNeg     . . .     Faith    .   p - +0 leather armour
rPois    .         Spirit   .   q - +0 helmet
rElec    .         Reflect  .   (no cloak)
rCorr    .         Harm     .   o - +1 pair of gloves
MR       .....                  (no boots)
Stlth    +++.......             (no amulet)
HPRegen  0.15/turn              (no ring)
MPRegen  0.10/turn              (no ring)

@: agile
A: small, mutation resistance 1
a: Curse Item, Scrying, Renounce Religion


You were on level 4 of the Dungeon.
You worshipped Ashenzari.
Ashenzari was aware of your devotion.
You were not hungry.

You visited 1 branch of the dungeon, and saw 5 of its levels.
You also visited: Sewer.

You collected 242 gold pieces.

Inventory:

Hand Weapons
 a - a +0 rapier (weapon)
 b - a +0 dagger of speed
 h - a +1 dagger of holy wrath
 t - a +4 vampiric dagger
Missiles
 d - 3 throwing nets (quivered)
Armour
 o - a +1 pair of gloves (worn)
 p - a +0 leather armour (worn)
 q - a +0 helmet (worn)
 v - the cursed +0 leather armour of Fore {+Blink rCorr Dex+4 Slay-4}
   (You found it on level 4 of the Dungeon)

   It affects your dexterity (+4).
   It affects your accuracy and damage with ranged weapons and melee attacks
   (-4).
   It lets you blink.
   It provides partial protection from all sources of acid and corrosion.
   It has a curse placed upon it.
Jewellery
 l - an uncursed ring of wizardry
Scrolls
 c - a scroll of fog {unknown}
 g - 6 scrolls of teleportation
 i - a scroll of enchant armour
 k - a scroll of remove curse
 m - 4 scrolls of enchant weapon
 r - 2 scrolls of magic mapping
 w - a scroll of identify
Potions
 e - a potion of lignification {unknown}
 j - a potion of brilliance
 n - a potion of flight
Comestibles
 f - 6 rations


   Skills:
 + Level 3.5 Fighting
 + Level 5.6 Short Blades
 + Level 3.9 Throwing
 + Level 4.9 Dodging


You had 6 spell levels left.
You didn't know any spells.
Your spell library was empty.

Dungeon Overview and Level Annotations

Branches:
Dungeon (5/15)             Temple (0/1) D:4

Altars:
Ashenzari
Cheibriados
Fedhas
Gozag
Nemelex Xobeh
Qazlal
Uskayaw
Yredelemnul
Zin

Shops:
D:4 %   D:5 %


Innate Abilities, Weirdness & Mutations

You are small and have problems with some larger weapons.
You are somewhat resistant to further mutation.


Message History

The orc misses you.
The orc priest looks satisfied for a moment.
You hit the orc priest but do no damage.
The orc priest is moderately wounded.
The orc misses you. The orc priest completely misses you.
The orc priest mumbles some strange prayers to Beogh against you.
Beogh smites you!
* * * LOW HITPOINT WARNING * * *
You barely miss the orc priest.
The orc priest is moderately wounded.
The orc misses you. The orc priest completely misses you.
You closely miss the orc priest.
The orc priest is moderately wounded.
The orc hits you but does no damage.
You hit the orc priest but do no damage.
The orc priest is moderately wounded.
The orc priest casts a cantrip, but nothing happens.
The orc priest mumbles some strange prayers to Beogh against you.
Pain shoots through your body!
You die...

#..#####...............# #.##
####...# #.#############.# #.#
.....#.# #.# #(# #.# ####...#
#.# ########.# #.# #.### #.#
#......#.# #.# #.#
#.######.####<#.# #.# #.#
#........# #.#.####.# #.#
#############........## ## #.#
#..o@oo..####.#####.. .# #.#
#.######.# #........
.###.###### #.# #.# #######.#
...<......# #.# #.# #.#
.###.####.# #.# #.# #.# .# #.#
#.# #.# #.# #.# ## #.# #.# #.#
#.# #.# .# #.# ##.###.#
#.##########.# .#
#.###...##.######.##.........#


You could see 2 orc priests and an orc.

Vanquished Creatures
  A bullfrog (Sewer)
  A scorpion (D:4)
  A howler monkey (D:4)
  A jelly (D:4)
  An orc wizard (D:3)
  A worker ant (D:4)
  7 adders
  2 river rats (D:3)
  A shadow imp (D:2)
  An adder skeleton (D:4)
  3 worms
  6 dart slugs
  6 leopard geckos
  3 orcs (D:3)
  10 bats
  8 giant cockroaches
  10 goblins
  7 hobgoblins
  A quokka (D:3)
  2 ball pythons
  8 frilled lizards
  8 kobolds
  7 rats
96 creatures vanquished.

Notes
Turn   | Place    | Note
-------+----------+-------------------------------------------
     0 | D:1      | Borgoz the Halfling Gladiator began the quest for the Orb.
     0 | D:1      | Reached XP level 1. HP: 14/14 MP: 1/1
    36 | D:1      | Reached XP level 2. HP: 19/19 MP: 2/2
   281 | D:1      | Reached skill level 4 in Short Blades
   287 | D:1      | Reached XP level 3. HP: 23/24 MP: 3/3
  1054 | D:2      | Reached XP level 4. HP: 9/30 MP: 4/4
  1555 | D:2      | Found a stormy altar of Qazlal.
  1556 | D:2      | Found a shattered altar of Ashenzari.
  1570 | D:2      | Became a worshipper of Ashenzari the Shackled
  1951 | D:3      | Found a glowing drain.
  1960 | D:3      | Reached XP level 5. HP: 34/35 MP: 5/5
  2019 | D:3      | Found an opulent altar of Gozag.
  2024 | Sewer    | Entered a sewer
  2487 | Sewer    | Noticed a bullfrog
  2506 | Sewer    | Killed a bullfrog
  2506 | Sewer    | Reached skill level 5 in Short Blades
  2506 | Sewer    | Reached XP level 6. HP: 24/42 MP: 6/6
  3194 | D:3      | Found a basalt altar of Yredelemnul.
  3194 | D:3      | Found a blossoming altar of Fedhas.
  3195 | D:3      | Found a glowing silver altar of Zin.
  3195 | D:3      | Found a sparkling altar of Nemelex Xobeh.
  3195 | D:3      | Found a snail-covered altar of Cheibriados.
  3195 | D:3      | Found a hide-covered altar of Uskayaw.
  4718 | D:4      | Found Ekalaehu's Food Emporium.
  4731 | D:4      | Found a staircase to the Ecumenical Temple.
  4775 | D:4      | Reached XP level 7. HP: 43/46 MP: 7/7
  4820 | D:4      | Reached * piety under Ashenzari
  4871 | D:4      | Got the cursed leather armour of Fore {+Blink rCorr Dex+4
                  | Slay-4}
  5256 | D:5      | Entered Level 5 of the Dungeon
  5256 | D:5      | Found Jululuif's Food Shop.
  5284 | D:4      | Killed from afar by an orc priest

Levels and vault maps discovered:
D:1:      erik_arrival_cave_to_civilisation [erik_arrival_cave_to_temple],
          layout_basic, serial_co_window_serial, co_window_cross_1,
          co_window_corner_a, co_window_paths_b, co_window_corner_a,
          co_window_paths_a, co_window_of_opportunity_a, co_window_2corner,
          co_window_of_opportunity_b, co_window_2corner, co_window_paths_e,
          glass_columns_a, glass_columns_a, glass_columns_a, glass_columns_a,
          glass_columns_c
D:2:      layout_basic, minitemple
D:3:      layout_basic, grunt_temple_overflow_open,
          cheibrodos_sewer_entry_sluice, serial_co_window_serial,
          co_window_paths_b, co_window_paths_a, co_window_paths_b,
          co_window_cross_1, co_window_of_opportunity_a, co_window_paths_b,
          co_window_of_opportunity_a, co_window_paths_b, co_window_paths_a,
          co_window_broadway_c, co_window_broadway_b, co_window_paths_c,
          co_window_corner_cb, co_window_broadway_a, glass_columns_a,
          glass_columns_b, glass_columns_b, glass_columns_b,
          nicolae_gozag_seed_capital
D:4:      layout_loops_ring, minmay_temple_entry_glassed_door, first_ration,
          serial_shops, shop_statue
D:5:      layout_gridville, serial_shops, nicolae_shop_window_shopping,
          shop_statue, nicolae_shop_behind_doors, nicolae_shop_window_shopping,
          shop

Skill      XL: |  1  2  3  4  5 |
---------------+----------------+-----
Fighting       | 2 3 |  3.5
Short Blades   | 4 5 |  5.6
Dodging        | 4 |  4.9
Throwing       | 3 |  3.9

Action                   |  1- 3 |  4- 6 |  7- 9 || total
-------------------------+-------+-------+-------++-------
Melee: Rapier            |    94 |   108 |    31 ||   233
       Dagger            |       |   271 |     3 ||   274
  Use: Scroll            |       |     9 |       ||     9
       Potion            |       |       |     1 ||     1
 Stab: Sleeping          |       |     3 |       ||     3
  Eat: Chunk             |       |     9 |     2 ||    11
       Ration            |       |     1 |       ||     1
Armor: Leather armour    |    26 |    53 |     8 ||    87
Dodge: Dodged            |    76 |   215 |    30 ||   321

Table legend:
 A = Non-vault XP
 B = Vault XP
 C = Vault XP percentage of total XP
 D = Non-vault monster count
 E = Vault monster count
 F = Vault count percentage of total count
                 A         B        C        D         E       F
            +---------+---------+-------+---------+---------+-------
      Total |     453 |     174 |  27.8 |      75 |      21 |  21.9
            +---------+---------+-------+---------+---------+-------
        D:1 |      49 |       3 |   5.8 |      27 |       2 |   6.9
        D:2 |      68 |       0 |   0.0 |      19 |       0 |   0.0
        D:3 |     104 |      31 |  23.0 |      22 |       3 |  12.0
        D:4 |     232 |       0 |   0.0 |       7 |       0 |   0.0
      Sewer |       0 |     140 | 100.0 |       0 |      16 | 100.0
            +---------+---------+-------+---------+---------+-------
